 Dungeon Crawl Stone Soup version 0.21.1-1-g345015fe64 (webtiles) character file.

42 Ivernyr the Vexing (level 3, 0/28 HPs)
             Began as a Gnoll Arcane Marksman on Mar 22, 2018.
             Slain by a jackal (1 damage)
             ... on level 3 of the Dungeon.
             The game lasted 00:15:20 (1745 turns).

Ivernyr the Vexing (Gnoll Arcane Marksman)          Turns: 1745, Time: 00:15:21

Health: 0/28       AC:  2    Str: 12    XL:     3   Next: 54%
Magic:  7/7        EV: 15    Int: 15    God:
Gold:   99         SH:  0    Dex: 16    Spells: 6/7 levels left

rFire    . . .     SeeInvis .   e - +0 dagger (holy)
rCold    . . .     Gourm    .   (no shield)
rNeg     . . .     Faith    .   a - +0 robe
rPois    .         Spirit   .   (no helmet)
rElec    .         Reflect  .   (no cloak)
rCorr    .         Harm     .   (no gloves)
MR       .....                  (no boots)
Stlth    +++.......             q - amulet of inaccuracy (curse)
HPRegen  0.09/turn              o - ring of stealth
MPRegen  0.10/turn              (no ring)

@: lethally poisoned (0 -> -3)
A: distributed training, fangs 1, strong nose
a: no special abilities


You were on level 3 of the Dungeon.
You were not hungry.

You visited 1 branch of the dungeon, and saw 3 of its levels.

You collected 99 gold pieces.

Inventory:

Hand Weapons
 e - a +0 dagger of holy wrath (weapon)
Missiles
 c - 5 javelins (quivered)
 d - 2 throwing nets
Armour
 a - a +0 robe (worn)
 g - a +0 buckler
Jewellery
 o - a ring of stealth (left hand)
 q - a cursed amulet of inaccuracy (around neck)
Scrolls
 k - a scroll of immolation
 m - a scroll of noise {unknown}
 n - a scroll of teleportation
Potions
 h - a potion of invisibility {unknown}
 i - a potion of might {unknown}
 j - a potion of cancellation {unknown}
Books
 b - a book of Debilitation

   Spells                             Type                      Level
   a - Corona                         Hexes                        1
   b - Slow                           Hexes                        2
   c - Inner Flame                    Hexes/Fire                   3
   d - Portal Projectile              Hexes/Translocation          3
   e - Cause Fear                     Hexes                        4
   f - Leda's Liquefaction            Hexes/Earth                  4
Comestibles
 f - 4 rations
 l - a chunk of flesh


   Skills:
 + Level 2.6 Fighting
 + Level 0.8 Short Blades
 + Level 0.8 Long Blades
 + Level 0.8 Axes
 + Level 0.8 Maces & Flails
 + Level 0.8 Polearms
 + Level 0.8 Staves
 + Level 0.8 Slings
 + Level 0.8 Bows
 + Level 0.8 Crossbows
 + Level 4.5 Throwing
 + Level 0.8 Armour
 + Level 4.5 Dodging
 + Level 0.8 Stealth
 + Level 0.8 Shields
 + Level 0.8 Unarmed Combat
 + Level 2.8 Spellcasting
 + Level 0.5 Conjurations
 + Level 5.4 Hexes
 + Level 0.5 Charms
 + Level 0.5 Summonings
 + Level 0.5 Necromancy
 + Level 0.5 Translocations
 + Level 0.5 Transmutations
 + Level 0.5 Fire Magic
 + Level 0.5 Ice Magic
 + Level 0.5 Air Magic
 + Level 0.5 Earth Magic
 + Level 0.5 Poison Magic
 + Level 1.0 Invocations
 + Level 0.8 Evocations


You had 6 spell levels left.
You knew the following spells:

 Your Spells              Type           Power        Failure   Level  Hunger
a - Corona                Hex            ###....      2%          1    #......


Dungeon Overview and Level Annotations

Branches:
Dungeon (3/15)

Altars:
Sif Muna
Yredelemnul


Innate Abilities, Weirdness & Mutations

Your experience applies equally to all skills.
You have very sharp teeth.
Your uncanny sense of smell can sniff out nearby items.


Message History

You miss the adder.
The adder is severely wounded.
The adder closely misses you. The rat closely misses you. The jackal bites you.
The adder bites you.
* * * LOW HITPOINT WARNING * * *
You barely miss the adder.
The adder is severely wounded.
You feel sick. The jackal barely misses you. The rat bites you.
* * * LOW HITPOINT WARNING * * *
The adder barely misses you.
You hit the adder but do no damage.
The adder is severely wounded.
The jackal closely misses you. x2; The adder bites you.
* * * LOW HITPOINT WARNING * * *
The rat closely misses you. The jackal bites you.
* * * LOW HITPOINT WARNING * * *
You barely miss the adder.
The adder is severely wounded.
The jackal bites you.
You die...

#....#.#...............
#......#...............
#....###..........#...#
#......................
#.................#...#
####..#################
#.....$..##
####...h......
#.....@r..?...
#.##..Sh......
#..............
#..............
#..............
#....#####.###. ##...
.# #### ##


You could see an adder, 2 jackals and a rat.

Vanquished Creatures
  A dart slug (D:1)
  A giant cockroach (D:3)
  8 goblins
  4 hobgoblins
  3 jackals
  2 ball pythons
  8 bats
  5 frilled lizards
  3 kobolds
  5 rats
40 creatures vanquished.

Notes
Turn   | Place    | Note
-------+----------+-------------------------------------------
     0 | D:1      | Ivernyr the Gnoll Arcane Marksman began the quest for the Orb.
     0 | D:1      | Reached XP level 1. HP: 17/17 MP: 4/4
   243 | D:1      | Reached XP level 2. HP: 16/23 MP: 2/5
   927 | D:2      | Found a basalt altar of Yredelemnul.
   931 | D:2      | Reached XP level 3. HP: 27/28 MP: 7/7
  1409 | D:2      | Found a deep blue altar of Sif Muna.
  1669 | D:3      | Reached skill level 1 in Invocations
  1744 | D:3      | HP: 1/28 [jackal (3)]
  1745 | D:3      | Slain by a jackal

Skill      XL: |  1  2  3 |
---------------+----------+-----
Invocations    | 1 |  1.0
Fighting       | |  2.6
Short Blades   | |  0.8
Long Blades    | |  0.8
Axes           | |  0.8
Maces & Flails | |  0.8
Polearms       | |  0.8
Staves         | |  0.8
Slings         | |  0.8
Bows           | |  0.8
Crossbows      | |  0.8
Throwing       | |  4.5
Armour         | |  0.8
Dodging        | |  4.5
Stealth        | |  0.8
Shields        | |  0.8
Unarmed Combat | |  0.8
Spellcasting   | |  2.8
Conjurations   | |  0.5
Hexes          | |  5.4
Charms         | |  0.5
Summonings     | |  0.5
Necromancy     | |  0.5
Translocations | |  0.5
Transmutations | |  0.5
Fire Magic     | |  0.5
Ice Magic      | |  0.5
Air Magic      | |  0.5
Earth Magic    | |  0.5
Poison Magic   | |  0.5
Evocations     | |  0.8

Action                   || total
-------------------------++-------
Melee: Dagger            ||   175
       Unarmed           ||     4
       Bite              ||    14
       Punch             ||     1
 Cast: Corona            ||    28
  Use: Scroll            ||     4
 Stab: Sleeping          ||     4
       Distracted        ||     1
  Eat: Chunk             ||     3
Armor: Robe              ||    32
Dodge: Dodged            ||   173
